[Event "*** SCC Grand Prix: Titled Tuesday Blitz"]
[Site "Chess.com"]
[Date "2020.08.11"]
[Round "4"]
[White "shnitez"]
[Black "kobemagic"]
[Result "1-0"]
[WhiteElo "2466"]
[BlackElo "2273"]
[TimeControl "180+1"]
[EndTime "10:38:41 PDT"]
[Termination "shnitez won by checkmate"]

1. d4 Nf6 2. c4 c5 3. Nf3 cxd4 4.
Nxd4 e5 5. Nb5 d5 6. cxd5 Bc5 7. N5c3 O-O 8. g3 Nbd7 9. Bg2 Nb6 10. O-O Bf5 11. e4 Bg4 12. Qd3 Rc8 13. Nd2 Ne8 14.
Nb3 Nd6 15. Nxc5 Rxc5 16. Be3 Rc4 17. b3 Rc8 18. Rac1 a6 19. f4 exf4 20. gxf4 Re8 21. Bd4 f6 22. Kh1 Qd7 23. Rg1 Na8 24.
Bf3 Bxf3+ 25. Qxf3 Kh8 26. Rg3 Nc7 27. Rcg1 Rg8 28. Qh5 Ncb5 29. Nxb5 axb5 30. Rh3 h6 31. Bxf6 Nxe4 32. Qxh6# 1-0

[Event "*** SCC Grand Prix: Titled Tuesday Blitz"]
[Site "Chess.com"]
[Date "2020.08.11"]
[Round "4"]
[White "Sanan_Sjugirov"]
[Black "Micki-taryan"]
[Result "1-0"]
[WhiteElo "2841"]
[BlackElo "3042"]
[TimeControl "180+1"]
[EndTime "10:38:42 PDT"]
[Termination "Sanan_Sjugirov won by checkmate"]

1. e4 e5 2. Nf3 Nc6 3. Bb5 Nf6 4. d3 Bc5 5. c3 O-O 6. O-O Re8 7. Bg5 h6 8. Bh4 Be7 9. Bg3 d6 10. Nbd2 Bd7 11. Ba4 a6 12. Re1 b5 13. Bb3 Na5 14. Bc2 Nh5 15. d4 Nxg3 16. hxg3 Bf6 17. d5 c5 18. dxc6 Bxc6 19. b4 Nb7 20. a4 d5 21.
exd5 Bxd5 22. Ne4 Bc6 23. axb5 Qxd1 24. Rexd1 axb5 25. Nxf6+ gxf6 26. Nh4 Rxa1 27. Rxa1 Nd6 28. Rd1 Ne4 29. Nf5 Nxc3 30. Nxh6+ Kf8 31. Rd6 Re6 32. Rd8+ Re8 33. Rd6 Re6 34. Rd8+ Ke7 35. Rc8 Ne2+ 36. Kf1 Nd4 37. Bf5 Rd6 38. Ng8# 1-0

[Event "*** SCC Grand Prix: Titled Tuesday Blitz"]
[Site "Chess.com"]
[Date "2020.08.11"]
[Round "4"]
[White "Ind1anStar"]
[Black "chito89"]
[Result "0-1"]
[WhiteElo "2511"]
[BlackElo "2747"]
[TimeControl "180+1"]
[EndTime "10:38:42 PDT"]
[Termination "chito89 won by resignation"]

1. c4 b6 2. Nc3 Bb7 3. e4 e5 4.
Nge2 Nc6 5. g3 Bc5 6. Bg2 Nge7 7. O-O O-O 8. d3 d6 9. Nd5 Qd7 10. Be3 a5 11. Qd2 f5 12. d4 exd4 13. Nxd4 Nxd4 14.
Bxd4 fxe4 15. Bxe4 Nxd5 16. cxd5 Rae8 17. Rfe1 Qg4 18.
Bxc5 Rxe4 19. Be3 Qf3 20. Rac1 Re5 21. Rxc7 Bxd5 0-1

[Event "*** SCC Grand Prix: Titled Tuesday Blitz"]
[Site "Chess.com"]
[Date "2020.08.11"]
[Round "4"]
[White "TregubovP"]
[Black "Terao90"]
[Result "1/2-1/2"]
[WhiteElo "2591"]
[BlackElo "2331"]
[TimeControl "180+1"]
[EndTime "10:38:42 PDT"]
[Termination "Game drawn by repetition"]

1. e4 c5 2. Nf3 Nc6 3. c3 d5 4. exd5 Qxd5 5. d4 Bg4 6. Be2 cxd4 7. cxd4 e6 8. Nc3 Qd6 9. d5 exd5 10. O-O Nf6 11. h3 Be6 12. Nb5 Qd7 13. Bf4 Rc8 14.
Ne5 Nxe5 15. Bxe5 a6 16. Bxf6 axb5 17. Bd4 b4 18. Re1 Be7 19. Bxg7 Rg8 20. Qd4 Bc5 21. Qf6 Qe7 22. Bb5+ Kd8 23. Rad1 Qxf6 24. Bxf6+ Kc7 25. Kh2 Bxf2 26. Rf1 Bg3+ 27. Kg1 Kb6 28. Bd3 h5 29. Bd4+ Kc7 30. Rf3 h4 31. Bc5 Bd6 32. Bf2 Bg3 33.
Bc5 Bd6 34. Bf2 Bg3 35. Bc5 1/2-1/2

[Event "*** SCC Grand Prix: Titled Tuesday Blitz"]
[Site "Chess.com"]
[Date "2020.08.11"]
[Round "4"]
[White "suyu28"]
[Black "FabianoCaruana"]
[Result "0-1"]
[WhiteElo "2570"]
[BlackElo "2997"]
[TimeControl "180+1"]
[EndTime "10:38:44 PDT"]
[Termination "FabianoCaruana won by checkmate"]

1. d4 Nf6 2. c4 Nc6 3. Nf3 e6 4. g3 d6 5. Bg2 g6 6. Nc3 Bg7 7.
e4 O-O 8. O-O Re8 9. h3 e5 10.
Be3 exd4 11. Nxd4 Bd7 12. Rc1 a6 13. Re1 Rb8 14. Qd2 Ne5 15. Qe2 c5 16. Nc2 b5 17.
b3 bxc4 18. bxc4 Rb2 19. Rb1 Qb8 20. f4 Nc6 21. Qd3 Rxb1 22. Rxb1 Qc7 23. Nd5 Nxd5 24. cxd5 Nb4 25. Nxb4 cxb4 26. Rxb4 Bb5 27. Qd1 Qa5 28. Qb3 Rc8 29. a4 Rc3 30. Qb1 Rxe3 31. axb5 Bc3 32. Kf2 Re1 33. b6 Qc5+ 34. Kf3 Qe3+ 35. Kg4 h5+ 36.
Kh4 Bf6# 0-1

[Event "*** SCC Grand Prix: Titled Tuesday Blitz"]
[Site "Chess.com"]
[Date "2020.08.11"]
[Round "4"]
[White "googlegoom"]
[Black "MikeSailer"]
[Result "1-0"]
[WhiteElo "2389"]
[BlackElo "2121"]
[TimeControl "180+1"]
[EndTime "10:38:44 PDT"]
[Termination "googlegoom won on time"]

1. Nf3 d5 2. b3 Bf5 3. Bb2 e6 4.
e3 Nf6 5. Be2 Be7 6. O-O O-O 7.
d4 h6 8. Nbd2 c5 9. c4 cxd4 10.
Nxd4 Bh7 11. Bf3 Nc6 12. cxd5 Nxd4 13. Bxd4 exd5 14. Nb1 Ne4 15. Nc3 Qa5 16. Bxe4 dxe4 17. Qd2 Qh5 18. Qb2 f5 19. Nd5 Bd6 20. g3 Rf7 21. Bxg7 f4 22. Nf6+ Rxf6 23. Qxf6 f3 24. Qxh6 Qf5 25. Bf6 Bf8 26. Qg5+ Qxg5 27. Bxg5 Bf5 28.
Rfd1 Rc8 29. Rac1 Re8 30. Rc7 1-0

[Event "*** SCC Grand Prix: Titled Tuesday Blitz"]
[Site "Chess.com"]
[Date "2020.08.11"]
[Round "4"]
[White "LimeInTheCoconut"]
[Black "alexrustemov"]
[Result "1/2-1/2"]
[WhiteElo "2471"]
[BlackElo "2640"]
[TimeControl "180+1"]
[EndTime "10:38:45 PDT"]
[Termination "Game drawn by repetition"]

1. Nf3 d5 2. e3 Nf6 3. c4 c6 4.
b3 Bg4 5. Be2 e6 6. Bb2 Bd6 7.
O-O Nbd7 8. d4 Ne4 9. Nc3 f5 10. Nxe4 fxe4 11. Ne5 Bxe2 12. Qxe2 O-O 13. Nxd7 Qxd7 14.
f4 exf3 15. Rxf3 Rxf3 16. Qxf3 Rf8 17. Qh3 Qf7 18. Qh4 Qg6 19. Qe1 Qc2 20. Bc3 Be7 21. Qd2 Qf5 22. Qe2 Bg5 23. Bb4 Rf6 24. Be7 Rf7 25.
Bxg5 Qxg5 26. Rf1 Rxf1+ 27. Kxf1 Qf5+ 28. Kg1 Qb1+ 29. Kf2 h6 30. h4 Kh7 31. h5 a5 32. Kg3 a4 33. Qg4 Qe1+ 34. Kh2 Qxe3 35. Qg6+ Kg8 36. Qe8+ Kh7 37. Qg6+ Kg8 38. Qe8+ Kh7 39.
Qg6+ 1/2-1/2

[Event "*** SCC Grand Prix: Titled Tuesday Blitz"]
[Site "Chess.com"]
[Date "2020.08.11"]
[Round "4"]
[White "capatl"]
[Black "DFeco"]
[Result "1-0"]
[WhiteElo "2405"]
[BlackElo "2174"]
[TimeControl "180+1"]
[EndTime "10:38:45 PDT"]
[Termination "capatl won by resignation"]

1. c4 c5 2. Nc3 Nc6 3. g3 g6 4. Bg2 Bg7 5. e3 d6 6. Nge2 Be6 7. b3 Qd7 8. d4 Bf5 9. O-O cxd4 10. Nxd4 Nxd4 11.
exd4 Nf6 12. Re1 O-O 13. Qe2 e5 14. dxe5 dxe5 15. Bb2 Rfe8 16. Rad1 Qe7 17. Nb5 Rad8 18. Ba3 Qe6 19. Nc7 Qc8 20. Nxe8 Rxe8 21. Qe3 e4 22. Qxa7 Bh3 23. Bb2 Bxg2 24. Kxg2 Qg4 25. Bxf6 Qf3+ 26. Kg1 Bxf6 27. Qe3 Qf5 28. Rd5 Qe6 29. Red1 Kg7 30.
Qf4 Be7 31. Qe5+ Qxe5 32. Rxe5 1-0

[Event "*** SCC Grand Prix: Titled Tuesday Blitz"]
[Site "Chess.com"]
[Date "2020.08.11"]
[Round "4"]
[White "j2806"]
[Black "Irishchessman16"]
[Result "0-1"]
[WhiteElo "2074"]
[BlackElo "2361"]
[TimeControl "180+1"]
[EndTime "10:38:46 PDT"]
[Termination "Irishchessman16 won by resignation"]

1. e4 c5 2. Nf3 Nc6 3. d4 cxd4 4. Nxd4 Nf6 5. Nc3 e5 6. Ndb5 d6 7. Bg5 a6 8. Na3 b5 9. Nd5 Be7 10. Bxf6 Bxf6 11. c3 Ne7 12. Nxf6+ gxf6 13. Nc2 Bb7 14. f3 f5 15. Bd3 Qb6 16. exf5 Rg8 17.
Qe2 Nd5 18. g3 b4 19. c4 Nf6 20. Ne3 O-O-O 21. Rc1 Kb8 22. O-O h5 23. b3 Qd4 24.
Rcd1 Qh4 25. Qf2 Qg5 26. Nd5 h4 27. Nxf6 hxg3 28. hxg3 Qxf6 29. g4 Rh8 30. Qg3 Rdg8 31. Rd2 Qh6 32. Rh2 Qe3+ 33. Qf2 Qxd3 34. Rxh8 Rxh8 35. Kg2 Rg8 36. Qb6 e4 37. Qf2 exf3+ 38. Kg3 Qe4 0-1

[Event "*** SCC Grand Prix: Titled Tuesday Blitz"]
[Site "Chess.com"]
[Date "2020.08.11"]
[Round "4"]
[White "baki83"]
[Black "Zkid"]
[Result "0-1"]
[WhiteElo "2723"]
[BlackElo "2869"]
[TimeControl "180+1"]
[EndTime "10:38:47 PDT"]
[Termination "Zkid won by checkmate"]

1. e4 e6 2. d4 d5 3. exd5 exd5 4. Nf3 Nc6 5. Bb5 Bd6 6. O-O Ne7 7. c4 dxc4 8. Bxc4 O-O 9. h3 Bf5 10. Nc3 Qd7 11. Re1 Rad8 12. a3 Ng6 13. Bg5 Rde8 14. Qd2 Bxh3 15. gxh3 Qxh3 16. Qd3 Bf4 17. Bxf7+ Kxf7 18.
Ne5+ Rxe5 19. Qxh3 Rxg5+ 20. Kf1 Kg8 21. Re4 Bg3 22. Nd1 Nf4 23. Qd7 Rd5 24. Qg4 Bh2 25. Ne3 Rd6 26. Nf5 Rg6 27. Qf3 Rg1# 0-1

[Event "*** SCC Grand Prix: Titled Tuesday Blitz"]
[Site "Chess.com"]
[Date "2020.08.11"]
[Round "4"]
[White "Na_binci"]
[Black "Mbneu"]
[Result "0-1"]
[WhiteElo "1934"]
[BlackElo "2220"]
[TimeControl "180+1"]
[EndTime "10:38:47 PDT"]
[Termination "Mbneu won by resignation"]

1. d4 Nf6 2. c4 c5 3. d5 e6 4.
Nc3 exd5 5. cxd5 d6 6. Nf3 g6 7. Bf4 Bg7 8. Qa4+ Bd7 9. Qb3 b5 10. Nxb5 Bxb5 11. Qxb5+ Nbd7 12. Bxd6 Ne4 13. Bf4 O-O 14.
e3 g5 15. Bg3 Nxg3 16. hxg3 Rb8 17. Qd3 h6 18. Rb1 Qa5+ 19. Ke2 c4 20. Qf5 Nf6 21.
Nd2 Nxd5 22. Kf3 Qxd2 23. Bxc4 Nf6 24. Rxh6 g4+ 0-1

[Event "*** SCC Grand Prix: Titled Tuesday Blitz"]
[Site "Chess.com"]
[Date "2020.08.11"]
[Round "4"]
[White "TST2014"]
[Black "crescentmoon2411"]
[Result "1-0"]
[WhiteElo "2529"]
[BlackElo "2742"]
[TimeControl "180+1"]
[EndTime "10:38:48 PDT"]
[Termination "TST2014 won on time"]

1. d4 Nf6 2. c4 e6 3. Nf3 d5 4. Nc3 Be7 5. Bf4 O-O 6. e3 Nbd7 7. c5 c6 8. Bd3 b6 9. b4 a5 10. a3 Ba6 11. O-O Qc8 12. h3 h6 13. Qe2 Bxd3 14.
Qxd3 Qb7 15. Rfb1 axb4 16. axb4 Rxa1 17. Rxa1 Ra8 18. Qb1 Rxa1 19. Qxa1 bxc5 20. bxc5 Bd8 21. Qa4 Ne4 22. Nxe4 dxe4 23. Nd2 f5 24. Nc4 Nf6 25. Nd6 Qd7 26. Qa8 Kh7 27. Be5 Nd5 28. g3 Bc7 29. Qb7 Qe7 30. Qxc6 Bd8 31. Nxf5 exf5 32. Qxd5 1-0

[Event "*** SCC Grand Prix: Titled Tuesday Blitz"]
[Site "Chess.com"]
[Date "2020.08.11"]
[Round "4"]
[White "DenLaz"]
[Black "pastouche06"]
[Result "0-1"]
[WhiteElo "2674"]
[BlackElo "2509"]
[TimeControl "180+1"]
[EndTime "10:38:50 PDT"]
[Termination "pastouche06 won by resignation"]

1. e4 c6 2. d4 d5 3. Nd2 dxe4 4.
Nxe4 Nf6 5. Nxf6+ exf6 6. c3 Bd6 7. Bd3 O-O 8. Ne2 Re8 9. Qc2 h5 10. Bd2 Nd7 11. O-O-O Nf8 12. Nf4 Bxf4 13. Bxf4 Be6 14. b3 b5 15. h3 a5 16. g4 h4 17. Rhe1 a4 18. b4 Qd5 19. Be4 Qd7 20. Kb1 Ng6 21.
Bc1 Ne7 22. f4 f5 23. Bd3 g6 24. g5 Nd5 25. Re5 Nb6 26. Rde1 Bc4 27. Qe2 Rxe5 28. fxe5 Nd5 29. Bd2 Bxd3+ 30. Qxd3 Qe6 31. c4 bxc4 32. Qxc4 f4 33. Ka1 Rc8 34. Qd3 Ne7 35. Bxf4 Nf5 36.
Rc1 Qd5 37. b5 Nxd4 38. bxc6 Nb3+ 0-1

[Event "*** SCC Grand Prix: Titled Tuesday Blitz"]
[Site "Chess.com"]
[Date "2020.08.11"]
[Round "4"]
[White "Koksik_13"]
[Black "Andrii_Prydun"]
[Result "1-0"]
[WhiteElo "2604"]
[BlackElo "2355"]
[TimeControl "180+1"]
[EndTime "10:38:50 PDT"]
[Termination "Koksik_13 won by resignation"]

1. e4 d5 2. exd5 Qxd5 3. d4 Nc6 4. Nf3 Bg4 5. Be2 e5 6. O-O exd4 7. Nxd4 Bxe2 8.
Qxe2+ Be7 9. Nxc6 Qxc6 10. Rd1 Nf6 11. Nc3 Rd8 12. Rxd8+ Kxd8 13. Bf4 Re8 14. Qd3+ Kc8 15.
Nb5 Bc5 16. Qf5+ Qe6 17. Qxe6+ Rxe6 18. Kf1 Ne4 19. f3 Nd6 20. Bxd6 Bxd6 21. Nxa7+ Kd7 22. Nb5 Bxh2 23. Rd1+ Ke7 24. Nd4 Rb6 25. g3 Rxb2 26. Kg2 c5 27. Nf5+ Kf6 28. Ne3 Bxg3 29. Kxg3 Rxa2 30.
Rb1 Ra3 31. Ng4+ Kg6 32. Rxb7 f6 33. Nf2 Rc3 34. Rb2 h5 35. Nd3 Kf5 36. Rb5 Rxc2 37. Nxc5 Re2 38. Nd3+ 1-0

[Event "*** SCC Grand Prix: Titled Tuesday Blitz"]
[Site "Chess.com"]
[Date "2020.08.11"]
[Round "4"]
[White "chenxiaoyuer"]
[Black "stanyga"]
[Result "0-1"]
[WhiteElo "2468"]
[BlackElo "2651"]
[TimeControl "180+1"]
[EndTime "10:38:51 PDT"]
[Termination "stanyga won by checkmate"]

1. e4 c5 2. Nf3 e6 3. d4 cxd4 4. Nxd4 Nc6 5. Nc3 Qc7 6. Be3 a6 7. Be2 Nf6 8. O-O Be7 9. f4 d6 10. a4 O-O 11. Kh1 Bd7 12. Nb3 Na5 13. e5 Ne8 14.
Nxa5 Qxa5 15. Ne4 Qc7 16. Qd3 dxe5 17. fxe5 Bc6 18. Bf4 Rd8 19. Qe3 Qc8 20. Bd3 Nc7 21. Nf6+ gxf6 22. exf6 Bxf6 23. Qh3 Rxd3 24. cxd3 Bg7 25.
Bh6 Bxh6 26. Qxh6 Qd8 27. Rf4 f5 28. Rh4 Qe7 29. d4 Qg7 30. Qf4 Qxg2# 0-1

[Event "*** SCC Grand Prix: Titled Tuesday Blitz"]
[Site "Chess.com"]
[Date "2020.08.11"]
[Round "4"]
[White "dpopadic"]
[Black "DACF2905"]
[Result "1-0"]
[WhiteElo "2427"]
[BlackElo "2223"]
[TimeControl "180+1"]
[EndTime "10:38:51 PDT"]
[Termination "dpopadic won on time"]

1. e4 c5 2. Nc3 Nc6 3. f4 d6 4.
Nf3 a6 5. a4 e5 6. Bc4 exf4 7.
O-O Nf6 8. d3 Ne5 9. Bxf4 Nxc4 10. dxc4 Be7 11. Qd2 O-O 12. Rad1 Be6 13. b3 Ne8 14.
Kh1 Bf6 15. Nd5 Bg4 16. Nxf6+ Qxf6 17. Bxd6 Nxd6 18. Qxd6 Qc3 19. Qd3 Qb4 20. Qe3 h6 21.
h3 Bh5 22. Rd5 Bxf3 23. Rxf3 Rac8 24. Rd7 b5 25. axb5 axb5 26. Rb7 Rb8 27. Rxb8 Rxb8 28.
cxb5 Qxb5 29. Qd3 Qb4 30. Qd5 1-0

[Event "*** SCC Grand Prix: Titled Tuesday Blitz"]
[Site "Chess.com"]
[Date "2020.08.11"]
[Round "4"]
[White "Alberquintin"]
[Black "Izoria123"]
[Result "0-1"]
[WhiteElo "2542"]
[BlackElo "2868"]
[TimeControl "180+1"]
[EndTime "10:38:52 PDT"]
[Termination "Izoria123 won by resignation"]

1. c4 a6 2. g3 e6 3. Bg2 d5 4. d4 dxc4 5. Nf3 b5 6. Ne5 c6 7. Nxc6 Qb6 8. Nxb8 Rxb8 9. O-O Bb7 10. e4 Nf6 11. Nc3 b4 12. Na4 Qb5 13. d5 Rd8 14. b3 exd5 15. exd5 Bxd5 16. Re1+ Be7 17. Qe2 O-O 18.
Bxd5 Nxd5 19. bxc4 Qxa4 20. cxd5 Bf6 21. Bb2 Rfe8 22.
Qd2 Rxe1+ 23. Rxe1 Qxa2 24. Bc1 Qxd2 25. Bxd2 a5 26. d6 h5 27. Ra1 Bxa1 0-1

[Event "*** SCC Grand Prix: Titled Tuesday Blitz"]
[Site "Chess.com"]
[Date "2020.08.11"]
[Round "4"]
[White "The_Machine04"]
[Black "Timerkhanov"]
[Result "0-1"]
[WhiteElo "2249"]
[BlackElo "2590"]
[TimeControl "180+1"]
[EndTime "10:38:53 PDT"]
[Termination "Timerkhanov won on time"]

1. d4 d5 2. Bf4 c5 3. e3 Nc6 4. c3 Nf6 5. Nd2 cxd4 6. exd4 Bf5 7. Qb3 Qc8 8. Ngf3 e6 9. Nh4 Bg6 10. Nxg6 hxg6 11. Bd3 a6 12. Nf3 Be7 13. Ne5 Nxe5 14. Bxe5 O-O 15. h4 Nd7 16. h5 Nxe5 17. dxe5 gxh5 18.
Rxh5 g6 19. Rh3 Qc7 20. f4 Kg7 21. O-O-O Rh8 22. Rdh1 Rxh3 23. Rxh3 b5 24. Qd1 Qc5 25. Qh1 Rg8 26. Rh7+ Kf8 27. Kb1 Qe3 28. Bc2 Qxf4 29. g3 Qxe5 30. Qf1 Qf6 31. Qh1 b4 32. g4 bxc3 33. bxc3 Qxc3 34. Qf1 Bf6 0-1

[Event "*** SCC Grand Prix: Titled Tuesday Blitz"]
[Site "Chess.com"]
[Date "2020.08.11"]
[Round "4"]
[White "lucachess49"]
[Black "ahachess"]
[Result "0-1"]
[WhiteElo "2438"]
[BlackElo "2284"]
[TimeControl "180+1"]
[EndTime "10:38:54 PDT"]
[Termination "ahachess won by checkmate"]

1. d4 Nf6 2. c4 g6 3. Nc3 Bg7 4. e4 d6 5. f3 O-O 6. Nge2 c5 7. Be3 b6 8. Qd2 Nc6 9. Rd1 Ba6 10. b3 Rb8 11. d5 Na5 12. Ng3 Bc8 13. Be2 a6 14.
O-O Bd7 15. f4 Ng4 16. Bxg4 Bxg4 17. f5 Bxd1 18. Nxd1 b5 19. cxb5 axb5 20. Bh6 c4 21.
Bxg7 Kxg7 22. b4 Nb7 23. Nc3 Qb6+ 24. Kh1 f6 25. h4 Nd8 26. Nge2 Nf7 27. Nd4 Rg8 28.
Ne6+ Kh8 29. Rf3 g5 30. hxg5 Nxg5 31. Nxg5 Rxg5 32. Rh3 Rbg8 33. Rh2 R8g7 34. Nd1 Rg4 35. Nf2 Rg3 36. Nh3 Qe3 37. Qxe3 Rxe3 38. Nf4 Re1# 0-1

[Event "*** SCC Grand Prix: Titled Tuesday Blitz"]
[Site "Chess.com"]
[Date "2020.08.11"]
[Round "4"]
[White "Shubinkirill2003"]
[Black "ace_mar"]
[Result "1-0"]
[WhiteElo "2649"]
[BlackElo "2464"]
[TimeControl "180+1"]
[EndTime "10:38:55 PDT"]
[Termination "Shubinkirill2003 won by checkmate"]

1. e4 e5 2. Nf3 Nc6 3. Bb5 a6 4. Ba4 Nf6 5. O-O Be7 6. Re1 b5 7. Bb3 d6 8. c3 O-O 9. h3 Nb8 10. d4 Nbd7 11. Nbd2 Bb7 12. Bc2 Re8 13. a4 Bf8 14. b3 g6 15. Bb2 Bg7 16. d5 Nb6 17. c4 c6 18. dxc6 Bxc6 19. cxb5 axb5 20. a5 Nbd7 21.
b4 d5 22. Rc1 Qe7 23. Bb3 dxe4 24. Rxc6 exf3 25. Nxf3 Qxb4 26. Ng5 Re7 27. a6 h6 28. Nxf7 Rxf7 29. Bxf7+ Kxf7 30. Bxe5 Qa3 31. Bxf6 Nxf6 32. Rxf6+ Kxf6 33. Qd4+ Kg5 34. Re5+ Bxe5 35. Qxe5+ Kh4 36.
g3+ Kxh3 37. Qe6# 1-0

[Event "*** SCC Grand Prix: Titled Tuesday Blitz"]
[Site "Chess.com"]
[Date "2020.08.11"]
[Round "4"]
[White "renehp"]
[Black "GOGIEFF"]
[Result "0-1"]
[WhiteElo "2443"]
[BlackElo "2858"]
[TimeControl "180+1"]
[EndTime "10:38:56 PDT"]
[Termination "GOGIEFF won by resignation"]

1. e4 c5 2. Nf3 d6 3. d4 cxd4 4.
Nxd4 Nf6 5. Nc3 a6 6. Be3 Nbd7 7. Qd2 b5 8. f3 Bb7 9. O-O-O h5 10. Kb1 e6 11. h4 Rc8 12. Bg5 Be7 13. Bd3 O-O 14.
Rhe1 Ne5 15. f4 Nc4 16. Bxc4 Rxc4 17. Qe2 Rxc3 18. Bxf6 Bxf6 19. bxc3 Qa5 20. e5 dxe5 21. fxe5 Be7 22. Nb3 Qxc3 23. Rd3 Qc7 24. Qxh5 a5 25. Red1 Be4 26. R3d2 a4 27. Nd4 Qc3 28. Ne2 Qc4 29.
Nc1 Qb4+ 30. Ka1 Qc3+ 31. Kb1 Ba3 32. Nd3 Bxd3 33. cxd3 Rc8 34. Rf2 Qc1+ 0-1

[Event "*** SCC Grand Prix: Titled Tuesday Blitz"]
[Site "Chess.com"]
[Date "2020.08.11"]
[Round "4"]
[White "KingChess345"]
[Black "MashaFromRussia"]
[Result "0-1"]
[WhiteElo "2172"]
[BlackElo "2404"]
[TimeControl "180+1"]
[EndTime "10:38:58 PDT"]
[Termination "MashaFromRussia won on time"]

1. d4 Nf6 2. Nf3 g6 3. g3 Bg7 4. Bg2 O-O 5. O-O d6 6. c4 Nc6 7. Nc3 a6 8. b3 Rb8 9. Bb2 b5 10. cxb5 axb5 11. d5 Na5 12. Rc1 Bd7 13. Nd4 e5 14.
dxe6 fxe6 15. e4 c5 16. Nc2 b4 17. Ne2 Qe7 18. e5 dxe5 19. Bxe5 Nd5 20. Bxg7 Kxg7 21. Re1 Qf6 22. f4 Rbd8 23. Qd3 Bc6 24. Qa6 Ra8 25.
Qd3 Rfd8 26. Qe4 Nc3 27. Qe5 Qxe5 28. fxe5 Bxg2 29. Kxg2 Rd2 30. Kf2 Nc6 31. Ke3 Rxe2+ 32. Rxe2 Nxe2 33. Kxe2 Rxa2 34. Kd3 Nxe5+ 35. Ke4 Ng4 36.
h3 Nf2+ 37. Ke5 Nd3+ 0-1

[Event "*** SCC Grand Prix: Titled Tuesday Blitz"]
[Site "Chess.com"]
[Date "2020.08.11"]
[Round "4"]
[White "chessablanca"]
[Black "Panterov"]
[Result "1-0"]
[WhiteElo "2423"]
[BlackElo "2207"]
[TimeControl "180+1"]
[EndTime "10:38:59 PDT"]
[Termination "chessablanca won on time"]

1. Nf3 Nf6 2. d4 g6 3. c4 Bg7 4. Nc3 O-O 5. e4 d6 6. Be2 a6 7. O-O Bg4 8. Be3 Bxf3 9. Bxf3 Nbd7 10. Rc1 Re8 11. a3 c5 12. b4 cxd4 13. Bxd4 Rc8 14.
Be2 h5 15. f3 Nb6 16. Nd5 Nbxd5 17. cxd5 Qd7 18. Qd2 b5 19. a4 Rxc1 20. Rxc1 bxa4 21. Bxa6 a3 22. Qc3 Qa4 23. Bb7 Rb8 24. Qc7 Rxb7 25. Qxb7 a2 26. Qc8+ Kh7 27. Qc4 Qa3 28. Ra1 1-0

[Event "*** SCC Grand Prix: Titled Tuesday Blitz"]
[Site "Chess.com"]
[Date "2020.08.11"]
[Round "4"]
[White "Son_of_Sultan"]
[Black "SilviusTiberius"]
[Result "1-0"]
[WhiteElo "2732"]
[BlackElo "2507"]
[TimeControl "180+1"]
[EndTime "10:39:00 PDT"]
[Termination "Son_of_Sultan won by resignation"]

1. c4 Nf6 2. Nc3 g6 3. g3 d6 4. Bg2 Bg7 5. Nf3 O-O 6. O-O Nc6 7. d4 Rb8 8. b3 a6 9. d5 Na5 10. Bg5 h6 11. Bd2 c5 12. dxc6 Nxc6 13. Rc1 e5 14. Be3 Be6 15. h3 d5 16. cxd5 Nxd5 17. Nxd5 Qxd5 18.
Qxd5 Bxd5 19. Rfd1 Be6 20. Bb6 Rbc8 21. Ne1 f5 22.
Rd6 Kf7 23. Bxc6 bxc6 24. Rdxc6 Rxc6 25. Rxc6 Rc8 26. Rxc8 Bxc8 27. f4 g5 28. Kf2 Ke6 29. Be3 gxf4 30. gxf4 e4 31. Nc2 Kd5 32. Ba7 Bc3 33.
e3 a5 34. Bd4 Bb4 35. Nxb4+ axb4 36. Kg3 Ba6 37. Kh4 Be2 38. Bg7 h5 39. Bf8 Bd3 40. Bxb4 Bb1 41. a4 Bc2 42. Kxh5 Bxb3 43. a5 Bc4 44. Kg5 Ke6 45. h4 1-0

[Event "*** SCC Grand Prix: Titled Tuesday Blitz"]
[Site "Chess.com"]
[Date "2020.08.11"]
[Round "4"]
[White "CheckThis4"]
[Black "chegueps"]
[Result "1-0"]
[WhiteElo "2626"]
[BlackElo "2452"]
[TimeControl "180+1"]
[EndTime "10:39:00 PDT"]
[Termination "CheckThis4 won by resignation"]

1. d4 Nf6 2. c4 e6 3. Nf3 d5 4.
Nc3 Bb4 5. Bg5 h6 6. Bh4 dxc4 7. e4 g5 8. Bg3 Nxe4 9. Qc2 Nxg3 10. hxg3 b5 11. O-O-O c6 12. Ne4 Nd7 13. Nfxg5 Nf6 14. Be2 Bb7 15. Kb1 Nxe4 16. Nxe4 Qe7 17. a3 Ba5 18. Nc5 O-O-O 19. Bf3 Ba8 20. a4 Kb8 21. axb5 cxb5 22. Na6+ Kc8 23. Bxa8 Qd6 24. Nc5 Bb6 25. Nb7 Qc7 26. Nxd8 Rxd8 27. d5 e5 28. Bc6 Bd4 29. Rxh6 a6 30. Bxb5 Rxd5 31. Rc6 Rxb5 32. Rxc7+ Kxc7 33. Rxd4 exd4 34. Qxc4+ Rc5 1-0

[Event "*** SCC Grand Prix: Titled Tuesday Blitz"]
[Site "Chess.com"]
[Date "2020.08.11"]
[Round "4"]
[White "londonkid"]
[Black "zmarian"]
[Result "1-0"]
[WhiteElo "2456"]
[BlackElo "2200"]
[TimeControl "180+1"]
[EndTime "10:39:00 PDT"]
[Termination "londonkid won by resignation"]

1. d4 g6 2. c4 Bg7 3. Nf3 c5 4. d5 d6 5. Nc3 Nf6 6. Bg5 O-O 7. e3 Na6 8. Bd3 Nc7 9. a4 b6 10. O-O a6 11. Nd2 Bd7 12. h3 Qb8 13. Qc2 Qb7 14. e4 b5 15. f4 h6 16. Bh4 Rfe8 17. Rae1 bxa4 18. e5 Nh7 19. e6 fxe6 20. Bxg6 Nf8 21.
Bxe8 Rxe8 22. dxe6 Ncxe6 23. Nd5 Qxb2 24. Qxb2 Bxb2 25.
Bxe7 Bd4+ 26. Kh1 Ng7 27. Bxd6 a3 28. Be5 Bxe5 29. fxe5 Re6 30. Nf6+ Kh8 31. Nfe4 Ng6 32. Nxc5 Rxe5 33. Nxd7 Rxe1 34. Rxe1 a2 35. Ra1 Nf5 36. Rxa2 Ne3 37. Rxa6 Nf4 38. c5 Ne2 39. Kh2 Nf1+ 40.
Nxf1 h5 41. c6 h4 42. c7 Ng3 43. c8=Q+ Kg7 44. Qc3+ 1-0

[Event "*** SCC Grand Prix: Titled Tuesday Blitz"]
[Site "Chess.com"]
[Date "2020.08.11"]
[Round "4"]
[White "beatnoguera"]
[Black "JonasHilwerda"]
[Result "0-1"]
[WhiteElo "1800"]
[BlackElo "2195"]
[TimeControl "180+1"]
[EndTime "10:39:00 PDT"]
[Termination "JonasHilwerda won by resignation"]

1. e4 e5 2. Nf3 Nc6 3. d4 exd4 4. Nxd4 Nf6 5. Nxc6 bxc6 6. Nc3 Bb4 7. Bd3 d5 8.
exd5 cxd5 9. Qe2+ Qe7 10. Bd2 Qxe2+ 11. Bxe2 Bf5 12. O-O-O c6 13. a3 Ba5 14. Rhe1 O-O-O 15. Ba6+ Kb8 16. Re7 Rd7 17. Rde1 Rhd8 18. Bf4+ Bc7 19. Bd2 Bd6 20. R7e2 Ne4 21. Nxe4 Bxe4 22. f3 Bf5 23. g4 Be6 24. h3 f6 25. Ba5 Bc7 26. Bb4 Bf7 27. Re3 Bf4 28. Kb1 Bxe3 29. Rxe3 d4 30. Rd3 Re8 31. b3 Bg6 32. Rd1 Re3 33. Bd2 Rxb3+ 34.
Ka2 Rxf3 35. Ba5 Bxc2 36. Re1 Re3 37. Rc1 Bb3+ 38. Kb2 Bd5 39. Ka1 Rxa3+ 0-1

[Event "*** SCC Grand Prix: Titled Tuesday Blitz"]
[Site "Chess.com"]
[Date "2020.08.11"]
[Round "4"]
[White "redbaron8888"]
[Black "kleinebeer98"]
[Result "1-0"]
[WhiteElo "2421"]
[BlackElo "2637"]
[TimeControl "180+1"]
[EndTime "10:39:03 PDT"]
[Termination "redbaron8888 won on time"]

1. e4 e5 2. Nf3 Nc6 3. Bb5 f5 4. d3 fxe4 5. dxe4 Nf6 6. Nc3 Bb4 7. Bxc6 bxc6 8. O-O Bxc3 9. bxc3 d6 10. Nd2 O-O 11.
f3 Be6 12. c4 c5 13. Qe2 Nh5 14. Nb3 Qh4 15. Rb1 Rf6 16. Be3 Rg6 17. Na5 Rf8 18.
Rb7 Nf4 19. Bxf4 exf4 20. Qf2 Qh5 21. Kh1 Rh6 22. Qg1 Qe5 23. Nc6 Qc3 24. Rxc7 Bxc4 25. Rd1 Kh8 26. e5 dxe5 27. Qxc5 Rhf6 28. Nxe5 Qxc2 29.
Rg1 Qxa2 30. Qxc4 Qf2 31. Nd3 Qh4 32. h3 Qg3 33. Rc8 h6 34. Rxf8+ Rxf8 35. Ne5 Rf6 36. Qe4 Kg8 37. Qd5+ Kh7 38. Nd7 1-0